General information
- name: BNet
- type: Ladder team game (AT/RT)
- host: Battle.net
- saver: oneversusfour
map: Highperch
- players: 6
- length: 719:56
- speed: Fast
- version: 1.23 W3XP
- replay type: Public
» download(1822 KB)
Players
team 1 (loser)
Raythe.MaN (
green | 45 APM | 12064 actions | 270:27)
5 Priestess of the Moon
1 Searing Arrows
1 Scout
3 Trueshot Aura
» actions
| Assign group hotkey | 53 | |
| Basic commands | 316 | |
| Build / train | 90 | |
| ESC pressed | 1 | |
| Enter build submenu | 30 | |
| Enter hero's abilities submenu | 6 | |
| Give item / drop item | 2 | |
| Right click | 4645 | |
| Select / deselect | 2461 | |
| Select group hotkey | 4079 | |
| Use ability | 381 | |
12064 total
» units
| Wisp | 29 | |
| Huntress | 9 | |
| Archer | 9 | |
| Druid of the Talon | 8 | |
| Chimaera | 7 | |
62 total
» upgrades
| Strength of the Moon | 3 | |
| Improved Bows | 1 | |
| Moon Armor | 3 | |
| Marksmanship | 1 | |
| Druid of the Talon Training | 2 | |
| Well Spring | 1 | |
| Ultravision | 1 | |
| Corrosive Breath | 1 | |
| Mark of the Talon | 1 | |
14 total
» buildings
| Altar of Elders | 1 | |
| Moon Well | 7 | |
| Ancient of War | 2 | |
| Hunter's Hall | 1 | |
| Tree of Life | 1 | |
| Ancient Protector | 9 | |
| Tree of Ages | 1 | |
| Tree of Eternity | 1 | |
| Ancient of Wind | 2 | |
| Chimaera Roost | 3 | |
28 total
» build order
00:02 Altar of Elders
00:17 Moon Well
01:57 Ancient of War
02:05 Hunter's Hall
02:22 Ancient of War
02:38 Moon Well
03:16 Moon Well
04:43 Tree of Life
05:20 Ancient Protector
06:08 Moon Well
09:54 Ancient Protector
09:56 Ancient Protector
12:21 Moon Well
12:45 Tree of Ages
14:13 Moon Well
15:22 Tree of Eternity
17:54 Ancient of Wind
17:57 Ancient of Wind
18:02 Moon Well
19:46 Ancient Protector
19:47 Ancient Protector
19:51 Ancient Protector
19:51 Ancient Protector
19:55 Ancient Protector
24:26 Ancient Protector
25:37 Chimaera Roost
25:38 Chimaera Roost
101:41 Chimaera Roost
» items
| Boots of Speed | 1 | |
| Scroll of Healing | 2 | |
| Potion of Lesser Invulnerability | 1 | |
4 total
youareanloser (
red | 23 APM | 11340 actions | 502:23)
5 Keeper of the Grove
3 Entangling Roots
2 Force of Nature
1 Death Knight
1 Animate Dead
1 Priestess of the Moon
1 Starfall
» actions
| Assign group hotkey | 59 | |
| Basic commands | 214 | |
| Build / train | 92 | |
| ESC pressed | 3 | |
| Enter build submenu | 41 | |
| Enter hero's abilities submenu | 9 | |
| Give item / drop item | 12 | |
| Right click | 6919 | |
| Select / deselect | 2261 | |
| Select group hotkey | 782 | |
| Use ability | 947 | |
11340 total
» units
| Wisp | 38 | |
| Huntress | 6 | |
| Glaive Thrower | 7 | |
| Archer | 13 | |
64 total
» upgrades
| Strength of the Moon | 3 | |
| Moon Armor | 4 | |
| Ultravision | 1 | |
| Vorpal Blades | 1 | |
| Improved Bows | 1 | |
| Sentinel | 1 | |
| Upgrade Moon Glaive | 1 | |
| Marksmanship | 1 | |
| Well Spring | 1 | |
14 total
» buildings
| Altar of Elders | 1 | |
| Moon Well | 7 | |
| Hunter's Hall | 1 | |
| Ancient of War | 7 | |
| Tree of Life | 1 | |
| Ancient Protector | 13 | |
| Tree of Ages | 1 | |
| Tree of Eternity | 1 | |
| Ancient of Wind | 3 | |
| Ancient of Wonders | 1 | |
36 total
» build order
00:14 Altar of Elders
00:21 Moon Well
02:05 Hunter's Hall
02:08 Ancient of War
02:24 Ancient of War
02:49 Moon Well
02:54 Moon Well
05:42 Tree of Life
06:54 Ancient Protector
08:13 Ancient Protector
09:07 Ancient Protector
10:28 Ancient Protector
10:41 Ancient Protector
11:44 Ancient Protector
11:53 Ancient Protector
12:22 Ancient Protector
12:44 Ancient Protector
13:09 Moon Well
14:10 Ancient of War
16:00 Tree of Ages
16:03 Moon Well
16:07 Moon Well
17:17 Ancient of War
17:35 Ancient Protector
18:06 Ancient of War
19:01 Ancient of War
19:01 Ancient of War
20:01 Ancient Protector
20:15 Ancient Protector
22:11 Moon Well
23:55 Tree of Eternity
24:48 Ancient of Wind
24:50 Ancient of Wind
24:57 Ancient of Wind
28:00 Ancient of Wonders
34:01 Ancient Protector
» items
| Staff of Teleportation | 2 | |
| Potion of Lesser Invulnerability | 1 | |
| Scroll of Healing | 1 | |
4 total
Zt.Vorg (
orange | 27 APM | 19061 actions | 709:25)
6 Death Knight
3 Death Coil
3 Unholy Aura
5 Lich
3 Frost Nova
2 Frost Armor
» actions
| Assign group hotkey | 128 | |
| Basic commands | 124 | |
| Build / train | 86 | |
| Enter build submenu | 39 | |
| Enter hero's abilities submenu | 26 | |
| Give item / drop item | 16 | |
| Remove unit from queue | 2 | |
| Right click | 7501 | |
| Select / deselect | 5488 | |
| Select group hotkey | 5349 | |
| Use ability | 302 | |
19061 total
» units
| Acolyte | 15 | |
| Ghoul | 2 | |
| Crypt Fiend | 18 | |
| Frost Wyrm | 11 | |
| Gargoyle | 1 | |
47 total
» upgrades
| Creature Carapace | 3 | |
| Creature Attack | 3 | |
| Freezing Breath | 1 | |
| Web | 1 | |
| Burrow | 1 | |
9 total
» buildings
| Halls of the Dead | 1 | |
| Graveyard | 3 | |
| Crypt | 3 | |
| Altar of Darkness | 1 | |
| Ziggurat | 9 | |
| Tomb of Relics | 1 | |
| Nerubian Tower | 1 | |
| Black Citadel | 1 | |
| Sacrificial Pit | 1 | |
| Boneyard | 4 | |
25 total
» build order
00:36 Halls of the Dead
00:44 Graveyard
00:49 Graveyard
00:51 Crypt
00:54 Altar of Darkness
01:09 Ziggurat
01:52 Tomb of Relics
02:35 Ziggurat
03:34 Nerubian Tower
04:23 Black Citadel
04:50 Ziggurat
05:39 Sacrificial Pit
05:52 Ziggurat
06:51 Boneyard
06:56 Boneyard
06:59 Boneyard
07:08 Boneyard
07:11 Ziggurat
07:57 Ziggurat
08:35 Ziggurat
10:00 Ziggurat
11:05 Graveyard
14:17 Ziggurat
15:41 Crypt
15:50 Crypt
» items
| Rod of Necromancy | 2 | |
| Dust of Appearance | 1 | |
| Orb of Corruption | 1 | |
| Scroll of Protection | 2 | |
| Scroll of Healing | 1 | |
| Boots of Speed | 1 | |
| Staff of Preservation | 1 | |
| Staff of Teleportation | 2 | |
11 total
team 2 (winner)

»
oneversusfour (
yellow | 14 APM | 10214 actions | 719:56)
6 Blademaster
3 Wind Walk
2 Critical Strike
1 Bladestorm
» actions
| Assign group hotkey | 58 | |
| Basic commands | 17 | |
| Build / train | 69 | |
| ESC pressed | 2 | |
| Enter build submenu | 106 | |
| Enter hero's abilities submenu | 6 | |
| Give item / drop item | 7 | |
| Right click | 8147 | |
| Select / deselect | 918 | |
| Select group hotkey | 302 | |
| Use ability | 582 | |
10214 total
» units
| Peon | 18 | |
| Troll Batrider | 12 | |
| Wind Rider | 4 | |
| Harpy Windwitch | 1 | |
35 total
» upgrades
| Reinforced Defenses | 1 | |
| Liquid Fire | 1 | |
| Armor | 3 | |
| Ranged Weapons | 4 | |
| Envenomed Spears | 1 | |
10 total
» buildings
| Altar of Storms | 2 | |
| Orc Burrow | 16 | |
| War Mill | 3 | |
| Watch Tower | 69 | |
| Stronghold | 2 | |
| Voodoo Lounge | 1 | |
| Great Hall | 1 | |
| Fortress | 2 | |
| Beastiary | 3 | |
99 total
» build order
00:10 Altar of Storms
00:13 Orc Burrow
00:31 War Mill
01:44 Watch Tower
01:45 Watch Tower
02:18 Watch Tower
02:47 Watch Tower
02:51 Watch Tower
03:32 Watch Tower
04:01 Watch Tower
04:02 Watch Tower
04:35 Watch Tower
04:38 Stronghold
04:38 Stronghold
05:11 Watch Tower
05:45 Voodoo Lounge
05:54 Great Hall
06:02 Watch Tower
06:27 Watch Tower
06:43 Orc Burrow
07:01 Fortress
07:02 Fortress
07:23 Watch Tower
07:54 Beastiary
07:56 Beastiary
08:01 Watch Tower
08:44 Watch Tower
08:46 Watch Tower
09:08 Watch Tower
09:55 Watch Tower
09:59 Watch Tower
10:22 Watch Tower
10:50 Orc Burrow
11:02 Watch Tower
11:41 Watch Tower
11:43 Watch Tower
11:51 Watch Tower
12:24 Watch Tower
13:04 Watch Tower
13:07 Watch Tower
14:02 Orc Burrow
15:41 Beastiary
15:55 Watch Tower
17:01 Watch Tower
17:02 Watch Tower
17:02 Watch Tower
17:03 Watch Tower
18:06 Watch Tower
18:08 Watch Tower
19:03 Watch Tower
19:04 Watch Tower
19:11 Watch Tower
22:04 Watch Tower
22:05 Watch Tower
22:07 Watch Tower
24:56 Orc Burrow
24:57 Orc Burrow
24:58 Orc Burrow
26:47 War Mill
26:58 Orc Burrow
27:25 Watch Tower
27:29 Watch Tower
28:16 Watch Tower
28:24 Watch Tower
28:27 Watch Tower
28:31 Watch Tower
28:49 Watch Tower
29:05 Watch Tower
30:08 Watch Tower
30:14 Watch Tower
30:16 Watch Tower
30:20 Watch Tower
30:45 Watch Tower
30:47 Watch Tower
30:54 Watch Tower
30:57 Watch Tower
30:59 Watch Tower
31:27 Watch Tower
31:28 Watch Tower
31:55 Watch Tower
32:00 Watch Tower
33:17 Watch Tower
33:19 Watch Tower
33:26 Watch Tower
33:29 Watch Tower
34:09 War Mill
34:24 Watch Tower
34:42 Watch Tower
40:28 Watch Tower
48:45 Orc Burrow
48:50 Orc Burrow
48:58 Orc Burrow
49:04 Orc Burrow
49:13 Orc Burrow
49:18 Orc Burrow
49:23 Orc Burrow
49:31 Orc Burrow
49:41 Altar of Storms
196:38 Watch Tower
» items
| Healing Salve | 2 | |
| Lesser Clarity Potion | 4 | |
| Boots of Speed | 1 | |
| Staff of Teleportation | 1 | |
| Potion of Mana | 1 | |
| Orb of Lightning | 1 | |
| Tiny Great Hall | 1 | |
11 total

»
PapapaPwnage (
blue | 18 APM | 12857 actions | 709:26)
6 Blademaster
3 Wind Walk
3 Critical Strike
» actions
| Assign group hotkey | 40 | |
| Basic commands | 516 | |
| Build / train | 60 | |
| ESC pressed | 15 | |
| Enter build submenu | 120 | |
| Enter hero's abilities submenu | 7 | |
| Give item / drop item | 6 | |
| Remove unit from queue | 1 | |
| Right click | 8473 | |
| Select / deselect | 1332 | |
| Select group hotkey | 1919 | |
| Use ability | 368 | |
12857 total
» units
» upgrades
| Spiked Barricades | 1 | |
| Reinforced Defenses | 1 | |
| Envenomed Spears | 1 | |
| Ranged Weapons | 3 | |
| Armor | 3 | |
9 total
» buildings
| Altar of Storms | 1 | |
| Orc Burrow | 9 | |
| War Mill | 3 | |
| Watch Tower | 69 | |
| Stronghold | 2 | |
| Great Hall | 1 | |
| Voodoo Lounge | 1 | |
| Fortress | 2 | |
| Beastiary | 4 | |
92 total
» build order
00:06 Altar of Storms
00:10 Orc Burrow
00:35 War Mill
01:55 Watch Tower
02:19 Watch Tower
02:44 Watch Tower
02:58 Watch Tower
03:24 Watch Tower
04:06 Watch Tower
04:19 Watch Tower
04:21 Watch Tower
04:43 Watch Tower
04:45 Stronghold
05:11 Watch Tower
05:20 Watch Tower
06:36 Great Hall
06:39 Watch Tower
06:46 Voodoo Lounge
06:50 Watch Tower
06:54 Watch Tower
07:32 Watch Tower
07:35 Watch Tower
07:37 Watch Tower
07:55 Watch Tower
08:48 Watch Tower
08:51 Watch Tower
09:00 Watch Tower
09:03 Fortress
09:09 Beastiary
09:10 Beastiary
09:12 Beastiary
09:26 Orc Burrow
10:09 Orc Burrow
10:11 Orc Burrow
10:31 Watch Tower
10:40 Watch Tower
10:59 Watch Tower
11:00 Watch Tower
11:25 Watch Tower
11:26 Watch Tower
11:29 Watch Tower
11:34 Watch Tower
11:36 Watch Tower
11:36 Watch Tower
11:37 Watch Tower
11:41 Watch Tower
11:42 Watch Tower
11:44 Watch Tower
11:45 Watch Tower
11:49 Watch Tower
12:57 Watch Tower
12:59 Watch Tower
13:01 Watch Tower
13:04 Watch Tower
13:16 Orc Burrow
13:21 Orc Burrow
15:43 Beastiary
17:18 Orc Burrow
17:25 Orc Burrow
17:27 Orc Burrow
26:08 War Mill
26:13 War Mill
28:24 Watch Tower
28:37 Watch Tower
28:42 Watch Tower
28:45 Watch Tower
30:18 Watch Tower
30:22 Watch Tower
30:26 Watch Tower
30:31 Watch Tower
30:34 Watch Tower
30:38 Watch Tower
30:41 Watch Tower
30:44 Watch Tower
31:32 Watch Tower
31:40 Watch Tower
31:43 Watch Tower
31:46 Watch Tower
32:41 Watch Tower
32:44 Watch Tower
32:45 Watch Tower
32:47 Watch Tower
32:48 Watch Tower
33:23 Watch Tower
33:30 Watch Tower
33:31 Watch Tower
35:00 Watch Tower
35:31 Watch Tower
35:33 Watch Tower
35:35 Watch Tower
» items
| Orb of Lightning | 1 | |
| Staff of Teleportation | 1 | |
| Boots of Speed | 1 | |
| Potion of Healing | 2 | |
5 total
PapapaPwnage. (
teal | 5 APM | 3753 actions | 709:26)
5 Death Knight
3 Death Coil
2 Unholy Aura
1 Blademaster
1 Bladestorm
» actions
| Assign group hotkey | 11 | |
| Basic commands | 5 | |
| Build / train | 46 | |
| Enter build submenu | 17 | |
| Enter hero's abilities submenu | 6 | |
| Give item / drop item | 2 | |
| Remove unit from queue | 3 | |
| Right click | 2744 | |
| Select / deselect | 579 | |
| Select group hotkey | 211 | |
| Use ability | 129 | |
3753 total
» units
| Acolyte | 2 | |
| Ghoul | 10 | |
| Gargoyle | 17 | |
29 total
» upgrades
| Stone Form | 1 | |
| Creature Attack | 2 | |
| Creature Carapace | 2 | |
5 total
» buildings
| Altar of Darkness | 1 | |
| Ziggurat | 9 | |
| Crypt | 3 | |
| Halls of the Dead | 1 | |
| Graveyard | 1 | |
| Black Citadel | 1 | |
| Tomb of Relics | 1 | |
17 total
» build order
00:15 Altar of Darkness
00:20 Ziggurat
01:06 Crypt
03:12 Ziggurat
05:11 Halls of the Dead
05:51 Ziggurat
06:16 Graveyard
08:20 Black Citadel
08:24 Crypt
09:15 Ziggurat
09:19 Ziggurat
09:21 Ziggurat
12:44 Ziggurat
12:46 Ziggurat
12:47 Ziggurat
12:56 Crypt
18:24 Tomb of Relics
» items
| Dust of Appearance | 1 | |
| Scroll of Town Portal | 1 | |
2 total
Chat log
(15:13 / All) PapapaPwnage.: do you love it?
(15:28 / Allies) PapapaPwnage: .
(19:35 / All) youareanloser: tower defend ;D
(19:42 / All) PapapaPwnage: YOU LOVE IT
(19:54 / All) Zt.Vorg: ur just feeding us
(19:59 / All) Zt.Vorg: so we loved it
(27:52 / All) PapapaPwnage.: FAIL
(30:56 / All) PapapaPwnage.: u sure showed us
(31:04 / All) Zt.Vorg: all we have t o do is chill
(31:05 / All) Zt.Vorg: :D
(31:17 / All) PapapaPwnage.: no ones beat us since we did this
(31:24 / All) Zt.Vorg: just on this map
(31:27 / All) youareanloser: but we did. ;)
(31:30 / All) PapapaPwnage.: yea only on this one
(31:47 / All) Zt.Vorg: come on
(31:49 / All) Zt.Vorg: bring out the army
(31:54 / All) PapapaPwnage.: we dont have one
(33:43 / All) PapapaPwnage.: gg
(33:46 / All) PapapaPwnage: gg
(33:46 / All) Raythe.MaN: gg
(33:55 / All) PapapaPwnage: SHITS WEEK!!!!!!!!!!!!!
(33:56 / All) PapapaPwnage.: shitsss weak
(34:04 / All) PapapaPwnage: COME FIND US
(34:06 / All) PapapaPwnage: NIGGER
(36:52 / All) youareanloser: my kotg is bad!
(37:03 / All) oneversusfour: FUCK
(37:04 / All) Raythe.MaN: gg
(37:04 / All) PapapaPwnage.: oh no!
(37:07 / All) PapapaPwnage.: gg
(37:08 / All) oneversusfour: gg
(37:12 / All) PapapaPwnage: gg
(37:14 / All) Raythe.MaN: --_
(37:17 / All) PapapaPwnage: SHITTTT WEAK
(37:18 / All) Raythe.MaN: oo;;
(39:02 / All) youareanloser: lol
(39:04 / All) youareanloser: too many
(39:20 / All) Zt.Vorg: i guess where gonna be here for a while
(39:22 / All) youareanloser: we'll wait all the time?
(39:25 / All) Zt.Vorg: yep
(39:26 / All) Zt.Vorg: Duh
(39:35 / All) PapapaPwnage: lol
(39:38 / All) PapapaPwnage: alright
(39:43 / All) PapapaPwnage: i can watch a movie
(39:48 / All) PapapaPwnage.: yep
(39:51 / All) Zt.Vorg: lol tomorrow is sunday
(39:53 / All) Raythe.MaN: go do this then
(39:53 / All) Zt.Vorg: no school llol
(39:56 / All) PapapaPwnage.: were all beside eachother:D
(39:57 / All) PapapaPwnage: lol
(39:58 / All) PapapaPwnage: w-e
(40:04 / All) PapapaPwnage: we are all cracking a bear open
(40:08 / All) PapapaPwnage: beer
(40:23 / All) PapapaPwnage.: do you love it?
(41:20 / All) youareanloser: how
(41:22 / All) youareanloser: u guys
(41:23 / All) youareanloser: did that/
(41:27 / All) PapapaPwnage: HAXXXXXXXXXX
(41:28 / All) PapapaPwnage.: hax dog
(41:30 / All) oneversusfour: if you leave ill tell you
(41:32 / All) oneversusfour: :]
(41:35 / All) Zt.Vorg: nah
(41:37 / All) Zt.Vorg: One of us can leave
(41:39 / All) youareanloser: we can
(41:40 / All) Zt.Vorg: and wisp
(41:41 / All) youareanloser: see rep.
(41:42 / All) oneversusfour: ok do that
(41:46 / All) oneversusfour: go watch the rep then
(41:48 / All) oneversusfour: :]
(43:08 / All) PapapaPwnage.: hi
(45:10 / All) PapapaPwnage: whistle...
(49:23 / All) PapapaPwnage.: hi
(52:19 / All) PapapaPwnage: can u leave now
(52:21 / All) youareanloser: AOW
(53:40 / All) Zt.Vorg: nice
(53:41 / All) Zt.Vorg: bm
(53:45 / All) Zt.Vorg: just went down the hill
(53:47 / All) Zt.Vorg: jump
(58:22 / All) Zt.Vorg: ofc im not there
(58:24 / All) Zt.Vorg: u want me to die?
(58:32 / All) PapapaPwnage: É
(58:32 / All) youareanloser: now
(58:34 / All) youareanloser: who's smart?
(58:37 / All) PapapaPwnage: we are
(58:38 / All) PapapaPwnage: lol
(58:42 / All) PapapaPwnage.: u lose lmao
(58:48 / All) PapapaPwnage.: 1 chim?
(58:49 / All) PapapaPwnage.: nice
(58:50 / All) Zt.Vorg: lose we all have all day
(58:58 / All) PapapaPwnage: lol
(59:05 / All) PapapaPwnage: we planed all day to do this
(59:11 / All) PapapaPwnage.: fail
(59:23 / All) Zt.Vorg: u guys call us noob while ur just hiding
(59:28 / All) PapapaPwnage: lol
(59:30 / All) PapapaPwnage: we planed it
(59:30 / All) oneversusfour: never said you were noob
(59:33 / All) PapapaPwnage: obviously.
(59:35 / All) oneversusfour: zero tolerance?
(59:39 / All) PapapaPwnage: RAGE QUITTTTTTTT
(59:40 / All) Zt.Vorg: hahah
(59:44 / All) PapapaPwnage.: RAGE
(59:46 / All) PapapaPwnage.: RAGE OUT
(59:49 / All) PapapaPwnage.: ALT QQ
(61:35 / All) Zt.Vorg: hello bm
(61:40 / All) PapapaPwnage: lol
(69:08 / All) PapapaPwnage.: only like 30 to go
(69:42 / All) oneversusfour: omg fiend juked
(69:50 / All) PapapaPwnage.: good trap!
(69:52 / All) Zt.Vorg: out of rannge duh
(69:56 / All) youareanloser: newbuie
(69:56 / All) youareanloser: go
(69:57 / All) youareanloser: !v1
(69:58 / All) youareanloser: i rape
(69:59 / All) youareanloser: u
(70:00 / All) youareanloser: too eazy
(70:02 / All) youareanloser: MOTHERFUCKER
(70:04 / All) PapapaPwnage.: k go
(70:06 / All) PapapaPwnage.: 1v1
(70:09 / All) youareanloser: go
(70:11 / All) PapapaPwnage.: the oneversusfour
(70:15 / All) PapapaPwnage: u leave first
(70:19 / All) PapapaPwnage: then well fallo
(73:07 / All) PapapaPwnage.: why dont u burrow ur fiends
(73:10 / All) PapapaPwnage.: try and surprise us again
(78:57 / All) oneversusfour: 51-7
(79:01 / All) oneversusfour: no wonder you don't want to lose ROFL
(79:02 / All) PapapaPwnage.: not bad
(79:12 / All) youareanloser: that's gay ^^
(79:14 / All) Zt.Vorg: Vorg[m]
(79:17 / All) Zt.Vorg: 128-8
(79:23 / All) oneversusfour: w c g
(79:27 / All) Zt.Vorg: nah
(79:30 / All) Zt.Vorg: ill show u
(79:33 / All) Zt.Vorg: so quit
(79:34 / All) Zt.Vorg: so i can show u
(79:35 / All) Zt.Vorg: Lol
(79:38 / All) PapapaPwnage.: lol
(79:41 / All) Zt.Vorg: at the same time
(79:42 / All) Zt.Vorg: u 3
(80:14 / All) oneversusfour: how'd you end up on this then lol
(80:44 / Allies) oneversusfour: BRB
(82:00 / All) PapapaPwnage: iseedeadpeople
(82:10 / All) PapapaPwnage: Cheat Enable
(85:49 / All) PapapaPwnage.: fail
(87:56 / All) youareanloser: like it?
(88:27 / Allies) PapapaPwnage.: so u know how to get up?
(89:45 / All) Raythe.MaN: come and kill us
(89:48 / All) PapapaPwnage: nah
(89:49 / All) PapapaPwnage.: nah
(89:50 / All) PapapaPwnage: u first
(89:57 / All) PapapaPwnage.: u guys are tough
(90:01 / All) PapapaPwnage.: bring it
(90:07 / All) PapapaPwnage: im pretty sure
(90:08 / All) Raythe.MaN: we cant go there
(90:18 / All) PapapaPwnage.: how come?
(90:22 / All) Raythe.MaN: only TP
(90:24 / All) Raythe.MaN: and we dont have tp
(90:33 / All) Raythe.MaN: staff i mean
(90:42 / All) Raythe.MaN: we dont have how to do that
(95:51 / All) Zt.Vorg: ofc
(95:56 / All) Zt.Vorg: u guys dont know
(95:58 / All) Zt.Vorg: its like hmm
(96:02 / All) Zt.Vorg: hmm
(106:22 / All) youareanloser: nice mh
(106:29 / All) oneversusfour: good intuition?
(106:37 / All) Raythe.MaN: no intuition
(106:42 / All) Raythe.MaN: yes MH
(106:47 / All) PapapaPwnage: no
(106:50 / All) oneversusfour: lol yea, we're ganna stay there for like more than a minute
(106:52 / All) PapapaPwnage: bnet
(106:53 / All) oneversusfour: when ur two ud heroes
(106:54 / All) oneversusfour: are missing
(106:56 / All) oneversusfour: and u have shades
(106:58 / All) oneversusfour: great idea
(107:00 / All) PapapaPwnage: ban maphack
(107:11 / All) PapapaPwnage: we are not noobs
(107:17 / All) PapapaPwnage: we done this like 100 times
(118:11 / All) PapapaPwnage.: lvl 6 son
(119:34 / All) Zt.Vorg: RAF
(119:35 / All) Zt.Vorg: NO MAIN
(119:46 / All) PapapaPwnage: peaceout
(119:48 / All) Zt.Vorg: BUT NO MAIN
(119:53 / All) oneversusfour: hrm?
(120:07 / All) youareanloser: niggers
(120:09 / All) youareanloser: dont kno
(120:10 / All) youareanloser: play
(120:11 / All) youareanloser: without mh?
(120:40 / All) youareanloser: DONT NEED
(121:15 / All) PapapaPwnage: ADMIT
(121:16 / All) PapapaPwnage: U LOSE
(121:18 / All) PapapaPwnage: LEAVEEEEEE
(121:20 / All) Zt.Vorg: lose?
(121:21 / All) Zt.Vorg: how
(121:30 / All) youareanloser: we dont
(121:32 / All) youareanloser: will leave
(121:34 / All) youareanloser: we'll wait.
(121:35 / All) youareanloser: too
(121:40 / All) youareanloser: come kill our base
(121:41 / All) youareanloser: with
(121:44 / All) youareanloser: 40k
(121:45 / All) youareanloser: of archer
(121:47 / All) youareanloser: arround it
(121:48 / All) youareanloser: come
(121:49 / All) youareanloser: newbie
(121:50 / All) youareanloser: come
(121:51 / All) youareanloser: come
(121:51 / All) youareanloser: come
(121:57 / All) youareanloser: motherfucker
(122:12 / All) PapapaPwnage.: lalalalala
(123:09 / All) youareanloser: ...
(124:11 / All) youareanloser: come
(124:19 / All) oneversusfour: ssssssssshhhhhhhhh
(125:21 / All) youareanloser: so
(125:22 / All) youareanloser: come?
(126:54 / All) Raythe.MaN: K... WE have untill 6 am to play guys :D
(127:00 / All) PapapaPwnage: dude
(127:02 / All) PapapaPwnage: dont worrie
(127:11 / All) PapapaPwnage: were in spring break..
(127:48 / All) youareanloser: nice!
(127:48 / All) youareanloser: one
(127:51 / All) youareanloser: give other!
(127:58 / All) youareanloser: oh my base!
(128:02 / All) youareanloser: u thinks i'm dumb?
(128:07 / All) youareanloser: to kill my units to get kotg?
(128:09 / All) youareanloser: he dont do nothing..
(128:11 / All) youareanloser: :)
(128:42 / All) youareanloser: NAO MEXAM
(130:26 / All) oneversusfour: get at me
(134:06 / All) youareanloser: u think
(134:08 / All) youareanloser: u guys
(134:09 / All) youareanloser: gona win?
(134:12 / All) PapapaPwnage.: yep
(134:14 / All) oneversusfour: we don't think
(134:14 / All) oneversusfour: We know
(134:15 / All) youareanloser: ok
(134:18 / All) youareanloser: so
(134:20 / All) youareanloser: come
(134:21 / All) youareanloser: and see
(134:23 / All) youareanloser: if that's true
(134:32 / All) PapapaPwnage.: just chill dog
(134:42 / All) youareanloser: motherfuck
(134:44 / All) youareanloser: 1st of all
(134:45 / All) youareanloser: learn micro
(134:47 / All) youareanloser: learn play
(134:48 / All) youareanloser: ok?
(134:52 / All) youareanloser: i bet
(134:56 / All) youareanloser: 50$ bo5 of u
(134:58 / All) youareanloser: streamed
(135:02 / All) youareanloser: i rape
(135:04 / All) youareanloser: u so eazy
(135:06 / All) youareanloser: ,
(135:07 / All) PapapaPwnage: LEARN HOW TO PLAY
(135:08 / All) PapapaPwnage: LOL
(135:08 / All) youareanloser: probbly
(135:11 / All) youareanloser: you're lucasbot
(135:42 / All) youareanloser: wow
(135:43 / All) youareanloser: u gys
(135:45 / All) youareanloser: smart!
(135:58 / All) PapapaPwnage.: SMART!
(136:28 / All) youareanloser: so?
(136:31 / All) youareanloser: feed us more
(136:32 / All) youareanloser: u lost
(136:35 / All) youareanloser: 8units
(136:36 / All) youareanloser: We lost
(136:36 / All) youareanloser: any
(136:38 / All) youareanloser: NICE
(136:38 / All) youareanloser: !
(136:39 / All) youareanloser: :)
(136:44 / All) youareanloser: try more.
(136:52 / All) oneversusfour: We lost 2?
(136:54 / All) oneversusfour: grats
(137:09 / All) PapapaPwnage.: do you love it?
(137:12 / All) PapapaPwnage.: i dont lie
(140:24 / All) youareanloser: so bm
(140:32 / All) PapapaPwnage: wat u want
(140:33 / All) PapapaPwnage: dude
(140:36 / All) PapapaPwnage: u ever stfu
(140:37 / All) youareanloser: u wants
(140:40 / All) youareanloser: dual lvl 6
(140:42 / All) youareanloser: ?
(140:44 / All) youareanloser: u rly think
(140:46 / All) oneversusfour: shhhhhhhh
(140:46 / All) youareanloser: that will works?
(140:48 / All) oneversusfour: quiet
(140:48 / All) youareanloser: see up
(140:49 / All) youareanloser: 3-3
(140:50 / All) youareanloser: ...
(140:51 / All) oneversusfour: shhhhhhhhhhh
(140:51 / All) youareanloser: ahha
(140:52 / All) PapapaPwnage: SHHHHHHHHHHHHHHH
(140:53 / All) youareanloser: you're pissed
(140:54 / All) youareanloser: cuz
(140:55 / All) oneversusfour: shhhhhhh
(140:56 / All) youareanloser: you lost to many time
(140:57 / All) PapapaPwnage: WHY WOULD I
(140:58 / All) youareanloser: and you kno
(140:58 / All) oneversusfour: shhhhhhhhhhhhhh
(140:59 / All) youareanloser: know
(141:05 / All) youareanloser: just someone wiill win
(141:06 / All) oneversusfour: dude learn english and stop raging :]
(141:07 / All) youareanloser: if other guy leave
(141:09 / All) youareanloser: if all wait
(141:11 / All) youareanloser: no one win.
(141:23 / All) youareanloser: i dont need learn english to play that
(141:27 / All) youareanloser: but u need learn play it
(141:29 / All) PapapaPwnage: lol
(141:30 / All) youareanloser: cuz u're rly bad
(141:33 / All) PapapaPwnage: ok
(141:33 / All) youareanloser: lucasbot
(141:36 / All) PapapaPwnage: learn play it
(141:36 / All) oneversusfour: are you mad ?:[
(141:36 / All) youareanloser: you're motherfucker
(141:38 / All) youareanloser: more hated
(141:40 / All) PapapaPwnage: fail
(141:40 / All) oneversusfour: lucasbot?
(141:45 / All) youareanloser: your mother is fat
(141:47 / All) youareanloser: you dont have gf
(141:48 / All) oneversusfour: im not lucasbot
(141:49 / All) oneversusfour: lol
(141:53 / All) youareanloser: u dont have real life
(141:54 / All) youareanloser: nerd
(141:56 / All) youareanloser: motherfuck
(142:01 / All) Raythe.MaN: who is lucasbot?
(142:02 / All) Raythe.MaN: hehe
(142:04 / All) youareanloser: you're shitadd clan tek9
(142:09 / All) youareanloser: that motherfucker
(142:13 / All) oneversusfour: oh no! i hang out there all the tiem
(142:16 / All) oneversusfour: LOL
(142:22 / All) youareanloser: i can
(142:26 / All) youareanloser: just alt tab
(142:28 / All) youareanloser: H my units
(142:29 / All) oneversusfour: k
(142:29 / All) youareanloser: and wait
(142:32 / All) youareanloser: u never will kill me
(142:32 / All) oneversusfour: do so :]
(142:37 / All) oneversusfour: do it then :]
(142:45 / All) youareanloser: k
(142:46 / All) youareanloser: cya
(146:38 / All) oneversusfour: nigga we play dota
(146:41 / All) oneversusfour: :]
(148:36 / All) oneversusfour: so what happened to alt tabbing LOL
(148:41 / All) oneversusfour: j/w
(148:42 / All) PapapaPwnage: rofl
(148:46 / All) Raythe.MaN: he is not here
(148:51 / All) PapapaPwnage: u guys shure love to waste ur time
(148:51 / All) Raythe.MaN: and im rlly mad cuz of that
(148:56 / All) Raythe.MaN: hes crazy -_-
(151:52 / All) youareanloser: come and ult!
(160:59 / All) PapapaPwnage.: good thing they dont need me :D
(161:10 / All) Zt.Vorg: ofc they dont need u
(161:14 / All) Zt.Vorg: cuz they dont care about u
(161:17 / All) Zt.Vorg: ur just ating with tm
(161:21 / All) PapapaPwnage.: fail burrow
(161:31 / All) PapapaPwnage.: nop
(161:34 / All) youareanloser: 1 fiend
(161:35 / All) youareanloser: to
(161:35 / All) PapapaPwnage.: i was key part
(161:37 / All) youareanloser: one dk
(161:39 / All) youareanloser: very good.
(161:39 / All) PapapaPwnage.: they just dont need my hero
(164:32 / All) youareanloser: SO
(164:34 / All) youareanloser: MR
(164:36 / All) youareanloser: dual ulb
(164:37 / All) youareanloser: come!
(164:39 / All) youareanloser: with all units
(164:41 / All) youareanloser: lets finish it
(164:43 / All) youareanloser: k?
(168:12 / All) youareanloser: fake away
(168:13 / All) youareanloser: hmnnn
(179:57 / All) youareanloser: ok u guys win
(179:59 / All) youareanloser: cya
(184:56 / All) youareanloser: ty.
(186:56 / All) youareanloser: what's up now poor bm alone?
(190:29 / All) PapapaPwnage.: u cant win btw
(190:35 / All) youareanloser: u2
(190:37 / All) youareanloser: :)
(190:39 / All) PapapaPwnage.: yea we can
(190:42 / All) Zt.Vorg: sure
(190:43 / All) youareanloser: so
(190:43 / All) Raythe.MaN: come
(190:43 / All) youareanloser: do it.
(190:46 / All) Raythe.MaN: do it
(190:51 / All) Zt.Vorg: and die
(190:51 / All) Raythe.MaN: beat us
(190:54 / All) youareanloser: you said it
(190:54 / All) PapapaPwnage.: do u have any strong enough air to come up here and kill all our towers?
(190:58 / All) youareanloser: 2 hours
(190:59 / All) youareanloser: ago
(191:00 / All) youareanloser: :)
(191:02 / All) youareanloser: and nothing... ;)
(191:06 / All) youareanloser: i know i cant win
(191:08 / All) youareanloser: but u know
(191:10 / All) youareanloser: u cant too
(191:10 / All) youareanloser: :)
(191:13 / All) PapapaPwnage: ROFL
(191:17 / All) PapapaPwnage: we can overpower u
(191:17 / All) PapapaPwnage.: thats where ur false
(191:19 / All) Raythe.MaN: so we are going to stay here
(191:20 / All) Raythe.MaN: =)
(191:22 / All) youareanloser: with just one hero
(191:23 / All) youareanloser: vs
(191:23 / All) Raythe.MaN: watching TV :D
(191:30 / All) youareanloser: we have
(191:33 / All) Zt.Vorg: movie here eand another comp. lol
(191:39 / All) youareanloser: 7 groups with 12 units of archer
(191:40 / All) youareanloser: up 3-3
(191:43 / All) youareanloser: more aura of potm
(191:44 / All) youareanloser: so
(191:50 / All) youareanloser: your airs die like shit.
(191:55 / All) Zt.Vorg: dont 4get to mention scrol
(191:57 / All) youareanloser: like whisp
(191:57 / All) youareanloser: !
(192:00 / All) Raythe.MaN: just come
(192:04 / All) Raythe.MaN: stop this bullshit
(192:05 / All) Raythe.MaN: come
(192:07 / All) Raythe.MaN: HERE
(192:15 / All) youareanloser: u said u won 2 hours ago
(192:17 / All) youareanloser: and what u did?
(192:21 / All) youareanloser: u killed 1 arch
(192:23 / All) youareanloser: and lost dk bm
(192:27 / All) youareanloser: yeah u're going well!
(192:29 / All) youareanloser: HEAUHEUAHEUAHEUHAEUAHEA
(192:37 / All) youareanloser: oh u kileed one frosty too
(192:40 / All) youareanloser: and lost 8wivers
(192:43 / All) youareanloser: very well!
(204:20 / Allies) PapapaPwnage: d
(204:21 / Allies) PapapaPwnage: d
(204:22 / Allies) PapapaPwnage: d
(237:24 / Allies) PapapaPwnage: you still hereÉ
(237:51 / All) PapapaPwnage: well w-e
(237:57 / All) PapapaPwnage: you guys still hereÉ
(238:26 / All) PapapaPwnage: guess not.. well i guess il see you boyz tomorow morning..
(241:37 / All) PapapaPwnage: D
(241:37 / Allies) oneversusfour: d
(241:38 / All) PapapaPwnage: D
(241:43 / All) Zt.Vorg: :D
(241:47 / All) PapapaPwnage:
(242:02 / All) PapapaPwnage: fuck i though we had momentum
(242:11 / All) Zt.Vorg: ?
(242:38 / Allies) oneversusfour: d
(242:38 / Allies) oneversusfour: d
(242:41 / All) Zt.Vorg: lol
(242:42 / Allies) oneversusfour: d
(242:43 / Allies) oneversusfour: d
(242:43 / Allies) oneversusfour: d
(243:26 / All) PapapaPwnage: come see my people dance..
(243:32 / All) PapapaPwnage: its epic
(243:37 / All) Zt.Vorg: saw it already
(243:45 / All) PapapaPwnage: u prob didnt
(243:57 / All) Zt.Vorg: my friend didnt lol
(244:21 / All) Zt.Vorg: u should come and dance with us
(244:27 / All) PapapaPwnage: lol were at
(244:33 / All) Zt.Vorg: right below u
(244:36 / All) Zt.Vorg: just move units forward haha
(244:43 / All) PapapaPwnage: fuck thats too far
(244:45 / All) PapapaPwnage: im sorry
(244:47 / All) Zt.Vorg: ye same here
(244:50 / All) Zt.Vorg: we cant clibm
(244:53 / All) Zt.Vorg: so yea
(245:00 / All) oneversusfour: l2 climb
(245:01 / All) PapapaPwnage: i cant suicide down that cliff
(245:09 / All) Raythe.MaN: i wonder... how did u take ghouls up there?
(245:10 / All) Zt.Vorg: sorry no time to spell right
(245:17 / All) PapapaPwnage.: hax
(245:19 / All) PapapaPwnage: im telling u
(245:27 / All) Zt.Vorg: we figured one
(245:27 / All) Raythe.MaN: cant see hax
(245:35 / All) Zt.Vorg: right now just ghouls
(245:46 / All) PapapaPwnage: wat about ghoulsÉ
(245:50 / All) Zt.Vorg: how
(245:58 / All) PapapaPwnage: WE HAXXXX
(245:59 / All) PapapaPwnage.: they climb up the hills,dumbasss
(246:03 / All) Zt.Vorg: ok
(246:07 / All) Zt.Vorg: thats better
(246:26 / All) Raythe.MaN: thats impossible
(246:26 / All) Zt.Vorg: now we wait again so shhhhhhh
(254:34 / All) Zt.Vorg: LOL
(254:39 / All) Zt.Vorg: DONT GO 2SLEEP I said lol
(270:27 / All) Raythe.MaN: c ya
(270:47 / All) oneversusfour: later dude lol
(286:29 / Allies) oneversusfour: hey louis
(286:33 / Allies) oneversusfour: this is if you check allied chat
(286:37 / Allies) oneversusfour: me and kyle are passing out
(286:44 / Allies) PapapaPwnage.: PEACE OUT
(286:45 / Allies) oneversusfour: dont do some retarded shit
(286:48 / Allies) oneversusfour: that will lose us the game
(286:52 / Allies) oneversusfour: just AFK and we win
(286:54 / Allies) oneversusfour: they're 1 man down
(286:55 / Allies) oneversusfour: <3
(287:02 / Allies) oneversusfour: PEACE OWT
(287:23 / Allies) PapapaPwnage: yo im out too
(287:27 / Allies) PapapaPwnage: just leaving monitor on
(287:28 / Allies) oneversusfour: louis
(287:29 / Allies) oneversusfour: k
(287:30 / Allies) oneversusfour: yea
(287:32 / Allies) oneversusfour: peace bro
(287:35 / Allies) PapapaPwnage: yea
(287:36 / Allies) PapapaPwnage: u too
(291:31 / Allies) PapapaPwnage: chris
(291:33 / Allies) oneversusfour: YO
(291:38 / Allies) PapapaPwnage: wat time u gonna be on in the mornign
(291:38 / Allies) oneversusfour: ?
(291:42 / Allies) oneversusfour: lol like 9
(291:43 / Allies) oneversusfour: prob
(291:46 / Allies) PapapaPwnage: ok
(291:47 / Allies) oneversusfour: so like 7 hours
(291:50 / Allies) oneversusfour: kk
(291:51 / Allies) oneversusfour: cu then
(291:59 / Allies) PapapaPwnage: well il try and be on at arround like 10:30
(292:13 / Allies) PapapaPwnage: i usualy wake up at 10...
(292:22 / Allies) oneversusfour: k
(292:23 / Allies) oneversusfour: cu then
(292:27 / Allies) PapapaPwnage: peace
(292:32 / Allies) PapapaPwnage: this is wicked pro
(292:34 / Allies) PapapaPwnage: bro
(292:40 / Allies) PapapaPwnage: i love you for showing this
(295:07 / Allies) PapapaPwnage: DANCEFLOOR
(345:37 / Allies) PapapaPwnage: yoÉ
(346:08 / All) PapapaPwnage: you fags still hereÉ